| TOP OF THE 1ST |
|
Frisco RoughRiders batting - Pitching for Bowie Baysox : LHP Silas Chinn
|
|
Pitching: LHP Silas Chinn
|
|
|
Batting: RHB Adryão Anto
|
0-0: Called Strike 0-1: Foul Ball, location: 2F 0-2: Foul Ball, location: 2F 0-2: Ball 1-2: Strikes out swinging
|
|
Batting: RHB Brandon Davis
|
0-0: Ball 1-0: Ball 2-0: Ball 3-0: Called Strike 3-1: Foul Ball, location: 2F 3-2: Foul Ball, location: 2F 3-2: Foul Ball, location: 2F 3-2: Ground out 4-3 (Groundball, 4, EV 76.2 MPH)
|
|
Batting: RHB Kurt Wagner
|
0-0: DOUBLE (Flyball, 8LXD, EV 95.6 MPH)
|
|
Batting: RHB Andrew Clarke
|
0-0: Ball 1-0: Ball 2-0: Ball 3-0: Called Strike 3-1: Swinging Strike 3-2: Strikes out swinging
|
| Top of the 1st over - 0 runs, 1 hit, 0 errors, 1 left on base; Frisco 0 - Bowie 0 |
| BOTTOM OF THE 1ST |
|
Bowie Baysox batting - Pitching for Frisco RoughRiders : LHP Jordan Ruiz
|
|
Pitching: LHP Jordan Ruiz
|
|
|
Batting: LHB Andrew Erens
|
0-0: Ball 1-0: Called Strike 1-1: Ball 2-1: Ball 3-1: Swinging Strike 3-2: Ground out 6-3 (Groundball, 6M, EV 85.6 MPH)
|
|
Batting: RHB Tony Logan
|
0-0: Ball 1-0: Called Strike 1-1: Ball 2-1: Ball 3-1: Foul Ball, location: 2F 3-2: Ground out U3 (Groundball, 13, EV 81.2 MPH)
|
|
Batting: RHB Vince Jackson
|
0-0: Ball 1-0: Ball 2-0: Ground out 5-3 (Groundball, 5L, EV 104.4 MPH)
|
| Bottom of the 1st over - 0 runs, 0 hits, 0 errors, 0 left on base; Frisco 0 - Bowie 0 |
| TOP OF THE 2ND |
|
Frisco RoughRiders batting - Pitching for Bowie Baysox : LHP Silas Chinn
|
|
Batting: RHB Jason Swisher
|
0-0: Ball 1-0: Swinging Strike 1-1: Swinging Strike 1-2: Ball 2-2: Foul Ball, location: 2F 2-2: Strikes out swinging
|
|
Batting: RHB Zach Thomason
|
0-0: Ball 1-0: Fly out, F4 (Popup, 4, EV 69.4 MPH)
|
|
Batting: SHB Reagan Dudley
|
0-0: Ball 1-0: Ball 2-0: Called Strike 2-1: Swinging Strike 2-2: Hit by Pitch
|
|
Batting: LHB Justin Barker
|
0-0: Ball 1-0: Fielders Choice at 2nd, U6 (Groundball, 6M, EV 76.9 MPH)
|
| Top of the 2nd over - 0 runs, 0 hits, 0 errors, 1 left on base; Frisco 0 - Bowie 0 |
| BOTTOM OF THE 2ND |
|
Bowie Baysox batting - Pitching for Frisco RoughRiders : LHP Jordan Ruiz
|
|
Batting: RHB Edwin Ramos
|
0-0: Ball 1-0: Ball 2-0: Ball 3-0: DOUBLE (Line Drive, 7LD, EV 106.9 MPH)
|
|
Batting: LHB Matt Patnaude
|
0-0: Called Strike 0-1: Ball 1-1: Called Strike 1-2: Fly out, F8 (Flyball, 78S, EV 90.0 MPH)
|
|
Batting: RHB Andy Chess
|
0-0: Ball 1-0: Foul Ball, location: 2F 1-1: Called Strike 1-2: SINGLE (Line Drive, 8LS, EV 94.4 MPH) Edwin Ramos to third Throwing error, E8 Edwin Ramos scores Andy Chess to second
|
|
Batting: LHB Raul Rojas
|
0-0: Foul Ball, location: 2F 0-1: SINGLE (Groundball, 56D, EV 103.1 MPH) Andy Chess to third
|
|
Batting: RHB Andrew Korman
|
0-0: Called Strike 0-1: Foul Ball, location: 2F 0-2: SINGLE (Line Drive, 6D, EV 101.2 MPH) Andy Chess scores Raul Rojas to second
|
|
Batting: LHB Wes Goscinski
|
0-0: Ball 1-0: Ball 2-0: SINGLE (Flyball, 4D, EV 91.9 MPH) Raul Rojas to third Andrew Korman to second
|
|
Batting: LHB Andrew Erens
|
0-0: Called Strike 0-1: Ball 1-1: Ball 2-1: Ball 3-1: Swinging Strike 3-2: Foul Ball, location: 2F 3-2: Strikes out swinging
|
|
Batting: RHB Tony Logan
|
0-0: Swinging Strike 0-1: Foul Ball, location: 2F 0-2: Ball 1-2: Strikes out swinging
|
| Bottom of the 2nd over - 2 runs, 5 hits, 1 error, 3 left on base; Frisco 0 - Bowie 2 |
| TOP OF THE 3RD |
|
Frisco RoughRiders batting - Pitching for Bowie Baysox : LHP Silas Chinn
|
|
Batting: RHB Gavin Fimple
|
0-0: Ball 1-0: Ball 2-0: Called Strike 2-1: Ground out 6-3 (Groundball, 6S, EV 86.2 MPH)
|
|
Batting: RHB Adryão Anto
|
0-0: Ball 1-0: Ball 2-0: Foul Ball, location: 2F 2-1: Swinging Strike 2-2: Ball 3-2: Fly out, F7 (Flyball, 7, EV 90.6 MPH)
|
|
Batting: RHB Brandon Davis
|
0-0: Foul Ball, location: 2F 0-1: Ground out 4-3 (Groundball, 4, EV 78.8 MPH)
|
| Top of the 3rd over - 0 runs, 0 hits, 0 errors, 0 left on base; Frisco 0 - Bowie 2 |
| BOTTOM OF THE 3RD |
|
Bowie Baysox batting - Pitching for Frisco RoughRiders : LHP Jordan Ruiz
|
|
Batting: RHB Vince Jackson
|
0-0: Called Strike 0-1: Ball 1-1: Called Strike 1-2: Strikes out swinging
|
|
Batting: RHB Edwin Ramos
|
0-0: Ball 1-0: Swinging Strike 1-1: Swinging Strike 1-2: Ball 2-2: Strikes out looking
|
|
Batting: LHB Matt Patnaude
|
0-0: Ball 1-0: Called Strike 1-1: Foul Ball, location: 2F 1-2: Strikes out swinging
|
| Bottom of the 3rd over - 0 runs, 0 hits, 0 errors, 0 left on base; Frisco 0 - Bowie 2 |
| TOP OF THE 4TH |
|
Frisco RoughRiders batting - Pitching for Bowie Baysox : LHP Silas Chinn
|
|
Batting: RHB Kurt Wagner
|
0-0: Called Strike 0-1: Called Strike 0-2: Ball 1-2: Foul Ball, location: 2F 1-2: Strikes out looking
|
|
Batting: RHB Andrew Clarke
|
0-0: Called Strike 0-1: Ball 1-1: Ball 2-1: Foul Ball, location: 2F 2-2: SINGLE (Line Drive, 4MD, EV 98.1 MPH)
|
|
Batting: RHB Jason Swisher
|
0-0: Called Strike 0-1: Swinging Strike 0-2: Ball 1-2: Ball 2-2: Foul Ball, location: 2F 2-2: Ball 3-2: Foul Ball, location: 2F 3-2: Strikes out looking
|
|
Batting: RHB Zach Thomason
|
0-0: Called Strike 0-1: Ball 1-1: Fielders Choice at 2nd, 6-4 (Groundball, 6, EV 86.2 MPH)
|
| Top of the 4th over - 0 runs, 1 hit, 0 errors, 1 left on base; Frisco 0 - Bowie 2 |
| BOTTOM OF THE 4TH |
|
Bowie Baysox batting - Pitching for Frisco RoughRiders : LHP Jordan Ruiz
|
|
Batting: RHB Andy Chess
|
0-0: Swinging Strike 0-1: Fly out, F8 (Line Drive, 8LS, EV 92.5 MPH)
|
|
Batting: LHB Raul Rojas
|
0-0: Ball 1-0: Foul Ball, location: 2F 1-1: Foul Ball, location: 2F 1-2: Strikes out swinging
|
|
Batting: RHB Andrew Korman
|
0-0: Ball 1-0: Called Strike 1-1: Foul Ball, location: 2F 1-2: Ball 2-2: Foul Ball, location: 2F 2-2: Foul Ball, location: 2F 2-2: Ground out 6-3 (Groundball, 4MS, EV 73.1 MPH)
|
| Bottom of the 4th over - 0 runs, 0 hits, 0 errors, 0 left on base; Frisco 0 - Bowie 2 |
| TOP OF THE 5TH |
|
Frisco RoughRiders batting - Pitching for Bowie Baysox : LHP Silas Chinn
|
|
Batting: SHB Reagan Dudley
|
0-0: Foul Ball, location: 2F 0-1: Swinging Strike 0-2: Ball 1-2: Fly out, F3 (Popup, 3, EV 67.5 MPH)
|
|
Batting: LHB Justin Barker
|
0-0: Ball 1-0: Fly out, F5 (Popup, 56S, EV 85.0 MPH)
|
|
Batting: RHB Gavin Fimple
|
0-0: Ball 1-0: Ball 2-0: Foul Ball, location: 2F 2-1: Called Strike 2-2: Foul Ball, location: 2F 2-2: Ball 3-2: Strikes out looking
|
| Top of the 5th over - 0 runs, 0 hits, 0 errors, 0 left on base; Frisco 0 - Bowie 2 |
| BOTTOM OF THE 5TH |
|
Bowie Baysox batting - Pitching for Frisco RoughRiders : LHP Jordan Ruiz
|
|
Batting: LHB Wes Goscinski
|
0-0: Called Strike 0-1: Foul Ball, location: 2F 0-2: Ball 1-2: Ball 2-2: Foul Ball, location: 2F 2-2: Ground out 6-3 (Groundball, 6M, EV 101.2 MPH)
|
|
Batting: LHB Andrew Erens
|
0-0: Called Strike 0-1: Swinging Strike 0-2: Ball 1-2: Ball 2-2: Strikes out swinging
|
|
Batting: RHB Tony Logan
|
0-0: Ball 1-0: Ground out 5-3 (Groundball, 5, EV 85.6 MPH)
|
| Bottom of the 5th over - 0 runs, 0 hits, 0 errors, 0 left on base; Frisco 0 - Bowie 2 |
| TOP OF THE 6TH |
|
Frisco RoughRiders batting - Pitching for Bowie Baysox : LHP Silas Chinn
|
|
Batting: RHB Adryão Anto
|
0-0: Foul Ball, location: 2F 0-1: Ball 1-1: Ball 2-1: Ball 3-1: Fly out, F8 (Line Drive, 8RD, EV 100.0 MPH)
|
|
Batting: RHB Brandon Davis
|
0-0: Called Strike 0-1: Foul Ball, location: 2F 0-2: Ball 1-2: Fly out, F7 (Line Drive, 7LM, EV 100.6 MPH)
|
|
Batting: RHB Kurt Wagner
|
0-0: Ball 1-0: Foul Ball, location: 2F 1-1: Fly out, F7 (Flyball, 78S, EV 93.8 MPH)
|
| Top of the 6th over - 0 runs, 0 hits, 0 errors, 0 left on base; Frisco 0 - Bowie 2 |
| BOTTOM OF THE 6TH |
|
Bowie Baysox batting - Pitching for Frisco RoughRiders : LHP Jordan Ruiz
|
|
Batting: RHB Vince Jackson
|
0-0: Ball 1-0: Called Strike 1-1: Called Strike 1-2: SOLO HOME RUN (Line Drive, 7D, EV 98.1 MPH), Distance : 391 ft
|
|
Batting: RHB Edwin Ramos
|
0-0: Called Strike 0-1: Swinging Strike 0-2: Ball 1-2: Strikes out swinging
|
|
Batting: LHB Matt Patnaude
|
0-0: Ball 1-0: Foul Ball, location: 2F 1-1: Hit by Pitch
|
|
Batting: RHB Andy Chess
|
0-0: Ball 1-0: Called Strike 1-1: Grounds into double play, 5-4-3 (Groundball, 56S, EV 84.4 MPH)
|
| Bottom of the 6th over - 1 run, 1 hit, 0 errors, 0 left on base; Frisco 0 - Bowie 3 |
| TOP OF THE 7TH |
|
Frisco RoughRiders batting - Pitching for Bowie Baysox : LHP Silas Chinn
|
|
Batting: RHB Andrew Clarke
|
0-0: SINGLE (Flyball, 9S, EV 96.9 MPH)
|
|
Batting: RHB Jason Swisher
|
0-0: Ball 1-0: Ball 2-0: Called Strike 2-1: Fly out, F9 (Flyball, 89M, EV 98.1 MPH)
|
|
Pitching: RHP Mike Brubaker
|
|
|
Batting: RHB Zach Thomason
|
0-0: Ball 1-0: Grounds into double play, 5-4-3 (Groundball, 56, EV 96.9 MPH)
|
| Top of the 7th over - 0 runs, 1 hit, 0 errors, 0 left on base; Frisco 0 - Bowie 3 |
| BOTTOM OF THE 7TH |
|
Bowie Baysox batting - Pitching for Frisco RoughRiders : LHP Jordan Ruiz
|
|
Batting: LHB Raul Rojas
|
0-0: Ball 1-0: Ball 2-0: Ball 3-0: Base on Balls
|
|
Batting: RHB Andrew Korman
|
0-0: Fly out, F9 (Line Drive, 9LS, EV 102.5 MPH)
|
|
Pitching: LHP Harry Tuckfard
|
|
|
Batting: LHB Wes Goscinski
|
0-0: Ball 1-0: Called Strike 1-1: Swinging Strike 1-2: Ball 2-2: Strikes out swinging
|
|
Batting: LHB Andrew Erens
|
0-0: Called Strike 0-1: Ball 1-1: Ball 2-1: SINGLE (Line Drive, 6MD, EV 102.5 MPH) Raul Rojas to second
|
|
Batting: RHB Tony Logan
|
0-0: Ball 1-0: Fly out, F8 (Line Drive, 8LD, EV 105.6 MPH)
|
| Bottom of the 7th over - 0 runs, 1 hit, 0 errors, 2 left on base; Frisco 0 - Bowie 3 |
| TOP OF THE 8TH |
|
Frisco RoughRiders batting - Pitching for Bowie Baysox : RHP Mike Brubaker
|
|
Batting: SHB Reagan Dudley
|
0-0: Swinging Strike 0-1: Called Strike 0-2: Ball 1-2: Hit by Pitch
|
|
Batting: LHB Justin Barker
|
0-0: Reached on error, E4 (Groundball, 4, EV 111.9 MPH) Reagan Dudley to second
|
|
Batting: RHB Gavin Fimple
|
0-0: Ball 1-0: DOUBLE (Line Drive, 89XD, EV 103.1 MPH) Reagan Dudley scores Justin Barker to third
|
|
Batting: RHB Adryão Anto
|
0-0: Ball 1-0: Called Strike 1-1: SINGLE (Groundball, 6MD, EV 105.0 MPH) Justin Barker scores Gavin Fimple to third Runner from 3rd tries for Home, SAFE, throw by CF to home
|
|
Pinch Hitting: SHB Johnny Stables
|
0-0: Ball Adryão Anto steals 2nd base 1-0: Bunt missed! 1-1: Sac Bunt to 15S - play at first, batter OUT! 1-4 Adryão Anto to third
|
|
Pinch Hitting: LHB Davey Schonewille
|
0-0: Foul Ball, location: 2F 0-1: Ball 1-1: Foul Ball, location: 2F 1-2: Foul Ball, location: 2F 1-2: Ball 2-2: Ball 3-2: Foul Ball, location: 2F 3-2: Foul Ball, location: 2F 3-2: Base on Balls
|
|
Batting: RHB Andrew Clarke
|
0-0: Ball 1-0: Ball 2-0: Foul Ball, location: 2F 2-1: Ball Davey Schonewille steals 2nd base 3-1: Base on Balls
|
|
Pinch Hitting: LHB Manuel Arguello
|
0-0: Called Strike 0-1: Called Strike 0-2: Ball 1-2: Foul Ball, location: 2F 1-2: Ball 2-2: Fly out, F7 (Flyball, 78D, EV 96.9 MPH) Runner from 3rd tags up, SCORES, throw by LF Davey Schonewille to third
|
|
Pitching: RHP Craig Potter
|
|
|
Batting: RHB Zach Thomason
|
0-0: Called Strike 0-1: Ball 1-1: Ball 2-1: Called Strike 2-2: Strikes out swinging
|
| Top of the 8th over - 4 runs, 2 hits, 1 error, 2 left on base; Frisco 4 - Bowie 3 |
| BOTTOM OF THE 8TH |
|
Bowie Baysox batting - Pitching for Frisco RoughRiders : LHP Harry Tuckfard
|
|
Now at 1B: Rich Butler
|
|
|
Now in LF: Alfonso Collazo
|
|
|
Now in CF: Davey Schonewille
|
|
|
Now in RF: Adryão Anto
|
|
|
Batting: RHB Vince Jackson
|
0-0: Called Strike 0-1: Ball 1-1: Ground out 4-3 (Groundball, 34, EV 101.9 MPH)
|
|
Batting: RHB Edwin Ramos
|
0-0: Ball 1-0: Ball 2-0: Ground out 6-3 (Groundball, 56S, EV 85.6 MPH)
|
|
Pinch Hitting: RHB Willie Manrique
|
0-0: Called Strike 0-1: Swinging Strike 0-2: Ground out 6-3 (Groundball, 56D, EV 98.8 MPH)
|
| Bottom of the 8th over - 0 runs, 0 hits, 0 errors, 0 left on base; Frisco 4 - Bowie 3 |
| TOP OF THE 9TH |
|
Frisco RoughRiders batting - Pitching for Bowie Baysox : RHP Craig Potter
|
|
Now in RF: Jose Fierro
|
|
|
Batting: SHB Reagan Dudley
|
0-0: Ground out U3 (Groundball, 3, EV 86.9 MPH)
|
|
Batting: LHB Justin Barker
|
0-0: Hit by Pitch
|
|
Batting: RHB Gavin Fimple
|
0-0: Fly out, F8 (Flyball, 89S, EV 76.2 MPH)
|
|
Batting: RHB Adryão Anto
|
0-0: Ball 1-0: Ball 2-0: Ball 3-0: Base on Balls Justin Barker to second
|
|
Batting: LHB Rich Butler
|
0-0: Foul Ball, location: 2F 0-1: Ball 1-1: Foul Ball, location: 2F 1-2: Foul Ball, location: 2F 1-2: Ball 2-2: Foul Ball, location: 2F 2-2: SINGLE (Groundball, 34D, EV 103.1 MPH) Justin Barker to third Adryão Anto to second Throwing error, E9 Justin Barker scores Adryão Anto to third Rich Butler to second
|
|
Batting: LHB Davey Schonewille
|
0-0: Ball 1-0: Ball 2-0: Called Strike 2-1: SINGLE (Groundball, 34D, EV 101.9 MPH) Adryão Anto scores Rich Butler to third Runner from 3rd tries for Home, SAFE, throw by RF to home
|
|
Pitching: LHP Kyohei Koyama
|
|
|
Batting: RHB Andrew Clarke
|
0-0: Ball 1-0: SINGLE (Flyball, 4D, EV 88.8 MPH) Davey Schonewille to second Runner from 2nd tries for 3rd, SAFE, no throw by CF
|
|
Batting: LHB Alfonso Collazo
|
0-0: Called Strike 0-1: Called Strike 0-2: Ball 1-2: Foul Ball, location: 2F 1-2: Foul Ball, location: 2F 1-2: Foul Ball, location: 2F 1-2: Ground out 4-3 (Groundball, 4, EV 89.4 MPH)
|
| Top of the 9th over - 3 runs, 3 hits, 1 error, 2 left on base; Frisco 7 - Bowie 3 |
| BOTTOM OF THE 9TH |
|
Bowie Baysox batting - Pitching for Frisco RoughRiders : LHP Harry Tuckfard
|
|
Batting: RHB Andy Chess
|
0-0: Called Strike 0-1: Ball 1-1: Ball 2-1: Ground out U3 (Groundball, 34, EV 90.6 MPH)
|
|
Batting: LHB Raul Rojas
|
0-0: Called Strike 0-1: Ball 1-1: Foul Ball, location: 2F 1-2: Ball 2-2: Ground out 6-3 (Groundball, 6, EV 88.8 MPH)
|
|
Batting: RHB Andrew Korman
|
0-0: Called Strike 0-1: Foul Ball, location: 2F 0-2: Ground out 6-3 (Groundball, 6, EV 103.8 MPH)
|
| Bottom of the 9th over - 0 runs, 0 hits, 0 errors, 0 left on base; Frisco 7 - Bowie 3 |
|